 Dungeon Crawl Stone Soup version 0.24.0-5-g267a8d59f4 (webtiles) character file.

Game seed: 11905262240796519627, levelgen mode: deterministic

42 Esekla the Vexing (level 3, -4/27 HPs)
             Began as a Demonspawn Enchanter on Nov 1, 2019.
             Slain by a gnoll
             ... wielding a +0 flail
              (7 damage)
             ... on level 1 of the Dungeon.
             The game lasted 00:04:27 (570 turns).

Esekla the Vexing (Demonspawn Enchanter)             Turns: 570, Time: 00:04:28

Health: -4/27      AC:  5    Str:  8    XL:     3   Next: 35%
Magic:  6/6        EV: 13    Int: 17    God:
Gold:   46         SH:  0    Dex: 16    Spells: 5/6 levels left

rFire    . . .     SeeInvis .   f - +2 dagger (vamp)
rCold    + . .     Gourm    .   (no shield)
rNeg     . . .     Faith    .   b - +0 robe
rPois    .         Spirit   .   m - +0 helmet
rElec    .         Reflect  .   (no cloak)
rCorr    .         Harm     .   (no gloves)
MR       .....                  (no boots)
Stlth    ++........             (no amulet)
HPRegen  0.09/turn              k - +3 ring of dexterity
MPRegen  0.10/turn              (no ring)

@: no status effects
A: thin metallic scales 1, cold resistance 1
a: no special abilities


You were on level 1 of the Dungeon.
You were not hungry.

You visited 1 branch of the dungeon, and saw 2 of its levels.

You collected 46 gold pieces.

Inventory:

Hand Weapons
 a - a +1 dagger
 f - a +2 vampiric dagger (weapon)
Missiles
 c - 10 poisoned darts (quivered)
Armour
 b - a +0 robe (worn)
 m - a +0 helmet (worn)
Jewellery
 k - a +3 ring of dexterity (left hand)
 l - an uncursed amulet of the acrobat {unknown}
Wands
 i - a wand of disintegration (9)
Scrolls
 e - 2 scrolls of remove curse {unknown}
 g - a scroll of immolation {unknown}
 h - a scroll of magic mapping {unknown}
 j - a scroll of noise {unknown}
 n - a scroll of identify {unknown}
Comestibles
 d - 5 rations


   Skills:
 * Level 1.6 Fighting
 * Level 2.0 Short Blades
 + Level 2.2 Dodging
 - Level 2.6 Stealth
 - Level 2.0 Spellcasting
 - Level 3.0 Hexes


You had 5 spell levels left.
You knew the following spells:

 Your Spells              Type           Power        Failure   Level  Hunger
a - Corona                Hex            ##.....      5%          1    #......

Your spell library contained the following spells:

 Spells                   Type           Power        Failure   Level  Hunger
 Ensorcelled Hibernation  Hex/Ice        #.....       16%         2    ###....
 Confuse                  Hex            ##......     17%         3    ###....
 Tukima's Dance           Hex            ##......     17%         3    ###....
 Dazzling Spray           Conj/Hex       #.....       30%         3    ###....


Dungeon Overview and Level Annotations

Branches:
Dungeon (2/15)

Altars:
Cheibriados
Fedhas
Okawaru
Vehumet


Innate Abilities, Weirdness & Mutations

You are partially covered in thin metallic scales. (AC +2)
Your flesh is cold resistant. (rC+)


Message History

The gnoll is lightly wounded.
The gnoll closely misses you.
You hit the gnoll.
You feel better.
The gnoll is moderately wounded.
The gnoll hits you with a +0 flail!
Ouch! That really hurt!
* * * LOW HITPOINT WARNING * * *
A rat comes into view.
Found a shiny wooden ring.
The rat barely misses you.
You hit the rat but do no damage. The rat bites you but does no damage.
You barely miss the gnoll.
The gnoll is moderately wounded.
The gnoll barely misses you. The rat closely misses you.
The gnoll hits you with a +0 flail.
* * * LOW HITPOINT WARNING * * *
You barely miss the gnoll.
The gnoll is moderately wounded.
The gnoll hits you with a +0 flail!
You die...

.#############
......=@gr...#
######.###.#.#
#.# #.# #.#
#r# #.# #.# #
#.# #.#.#
#.###.#.#
#.r.....#
##.##.###


You could see a gnoll and a rat.

Vanquished Creatures
  An adder (D:2)
  2 gnolls (D:2)
  A worm (D:2)
  A giant cockroach (D:2)
  2 goblins (D:2)
  2 hobgoblins (D:2)
  3 bats (D:2)
  2 rats (D:2)
14 creatures vanquished.

Notes
Turn   | Place    | Note
-------+----------+-------------------------------------------
     0 | D:1      | Esekla the Demonspawn Enchanter began the quest for the
                  | Orb.
     0 | D:1      | Reached XP level 1. HP: 13/13 MP: 3/3
    88 | D:2      | Found an iron altar of Okawaru.
    95 | D:2      | Reached skill level 1 in Short Blades
   201 | D:2      | Reached skill level 1 in Fighting
   206 | D:2      | Gained mutation: You are partially covered in thin metallic
                  | scales. (AC +2) [demonic ancestry]
   206 | D:2      | Reached XP level 2. HP: 21/21 MP: 5/5
   520 | D:2      | Gained mutation: Your flesh is cold resistant. (rC+)
                  | [demonic ancestry]
   520 | D:2      | Reached XP level 3. HP: 24/26 MP: 6/6
   521 | D:2      | Found a snail-covered altar of Cheibriados.
   523 | D:2      | Found a blossoming altar of Fedhas.
   523 | D:2      | Found a radiant altar of Vehumet.
   570 | D:1      | Slain by a gnoll

Levels and vault maps discovered:
D:1:      dpeg_arrival_fog, layout_loops_corners
D:2:      layout_basic, tgw_xom, grunt_temple_overflow_open, lemuel_round_altar,
          hangedman_decor_peaks_small

Skill      XL: |  1  2  3 |
---------------+----------+-----
Short Blades   | 1 2 |  2.0
Dodging        | 2 |  2.2
Fighting       | 1 |  1.6
Stealth        | |  2.6
Spellcasting   | |  2.0
Hexes          | |  3.0

Action                   || total
-------------------------++-------
Melee: Dagger            ||    73
Throw: Dart              ||    14
 Stab: Sleeping          ||     1
Armor: Robe              ||    11
Dodge: Dodged            ||    44
